 Dungeon Crawl Stone Soup version 0.28-a0-224-g76b539d98b (webtiles) character file.

Game seed: 8020232387060675841

80 timneilson the Covered (level 4, -1/29 HPs)
             Began as a Gargoyle Fighter on Aug 21, 2021.
             Slain by a gnoll (5 damage)
             ... on level 3 of the Dungeon.
             The game lasted 00:02:43 (2272 turns).

timneilson the Covered (Gargoyle Fighter)           Turns: 2272, Time: 00:02:43

Health: -1/29      AC: 11    Str: 21    XL:     4   Next: 39%
Magic:  4/4        EV:  7    Int:  8    God:
Gold:   121        SH:  9    Dex:  9    Spells: 3/3 levels left

rFire   . . .      SeeInvis .   a - +0 long sword
rCold   . . .      Faith    .   c - +1 kite shield
rNeg    + . .      Spirit   .   b - +0 scale mail
rPois   ∞          Reflect  .   (no helmet)
rElec   +          Harm     .   (no cloak)
rCorr   .          Rampage  .   (no gloves)
Will    .....                   h - +0 pair of boots
Stlth   ..........              (no amulet)
HPRegen 0.09/turn               (no ring)
MPRegen 0.09/turn               (no ring)

@: mighty
A: sickness immunity, AC +3, negative energy resistance 1, electricity
resistance, torment resistance 1, petrification resistance
a: no special abilities


You were on level 3 of the Dungeon.
You visited 1 branch of the dungeon, and saw 3 of its levels.

You collected 121 gold pieces.

Inventory:

Hand Weapons
 a - a +0 long sword (weapon)
Armour
 b - a +0 scale mail (worn)
 c - a +1 kite shield (worn)
 h - a +0 pair of boots (worn)
Scrolls
 e - a scroll of teleportation {unknown}
Potions
 g - a potion of cancellation


   Skills:
 + Level 3.6 Fighting
 * Level 2.5 Long Blades
 * Level 4.1 Armour
 * Level 4.0 Shields


You had 3 spell levels left.
You didn't know any spells.
Your spell library was empty.

Dungeon Overview and Level Annotations

Branches:
Dungeon (3/15)

Altars:

Shops:
D:1 [


Innate Abilities, Weirdness & Mutations

You are immune to sickness and miasma.
Your stone body is resilient. (AC +3)
You are immune to poison.
You resist negative energy. (rN+)
You are resistant to electric shocks. (rElec)
You are resistant to unholy torment.
You are immune to petrification.


Message History

No target in view!
No target in view!
Found a leather armour.
e - a scroll labelled TENEON LEYMPA
Things that are here:
a +0 short sword; a +0 scale mail; an orc corpse
Found a stone staircase leading down.
A gnoll comes into view. It is wielding a +0 flail of draining.
The gnoll shouts!
You hear a shout!
A gnoll comes into view. It is wielding a +0 flail.
The gnoll shouts!
A gnoll comes into view. It is wielding a +0 club.
Your shield and scale mail prevent you from hitting the gnoll.
The gnoll shouts!
The gnoll hits you with a +0 flail of draining.
You hit the gnoll.
The gnoll is lightly wounded.
The gnoll hits you with a +0 flail of draining.
The gnoll hits you but does no damage.
You hit the gnoll.
The gnoll is moderately wounded.
The gnoll hits you but does no damage.
You barely miss the gnoll.
The gnoll is moderately wounded.
The gnoll hits you with a +0 flail of draining.
You block the gnoll's attack.
A gnoll comes into view. It is wielding a +0 whip.
You completely miss the gnoll.
The gnoll is moderately wounded.
The gnoll shouts!
The gnoll hits you with a +0 flail of draining!
Unknown command.
You feel very mighty all of a sudden.
The gnoll hits you with a +0 flail of draining!
* * * LOW HITPOINT WARNING * * *
You completely miss the gnoll.
The gnoll is moderately wounded.
You block the gnoll's attack.
The gnoll hits you with a +0 flail of draining.
You die...

####...............
..........)†......
..###.g####.......#.
........##..........
#..........#...##### ..
..........##...# .. ..
..........##...# ..#...
........gg##...# #..##..
.........gg@...#######..#...
..........####..............
#...>..........###.#.#....#.
.............####.#......##
....................(.....
........####......#.......
........# ##.#......#....
....... .....#.........
....####......##


You could see 4 gnolls.

Vanquished Creatures
  Jessica (D:2)
  An adder (D:2)
  A worm (D:2)
  An orc (D:3)
  3 endoplasms
  6 giant cockroaches
  2 goblins (D:2)
  3 hobgoblins
  2 jackals (D:2)
  A kobold (D:1)
  3 quokkas
  4 ball pythons
  2 bats (D:2)
  3 frilled lizards
  7 rats
40 creatures vanquished.

Notes
Turn   | Place    | Note
-------+----------+-------------------------------------------
     0 | D:1      | timneilson the Gargoyle Fighter began the quest for the
                  | Orb.
     0 | D:1      | Reached XP level 1. HP: 14/14 MP: 1/1
   262 | D:1      | Reached XP level 2. HP: 13/19 MP: 2/2
   402 | D:1      | Found a faded altar of an unknown god.
   977 | D:1      | Found Ycatot's Armour Boutique.
  1270 | D:2      | Reached XP level 3. HP: 23/23 MP: 3/3
  1379 | D:2      | Noticed Jessica
  1386 | D:2      | Killed Jessica
  1387 | D:2      | Reached XP level 4. HP: 26/28 MP: 4/4
  2272 | D:3      | Slain by a gnoll

Illustrated notes

Levels and vault maps discovered:
D:1:      matt_arrival_grand_opening, layout_loops_ring,
          ebering_ecumenical_altar_mist, serial_shops, shop_fountains,
          chequers_avenue
D:2:      layout_basic, uniq_jessica
D:3:      layout_rooms, minmay_misc_feat_nine_boxes, eino_tiny_chamber,
          uniq_crazy_yiuf_cottage

Skill      XL: |  1  2  3  4 |
---------------+-------------+-----
Long Blades    | 2 |  2.5
Armour         | 4 |  4.1
Shields        | 4 |  4.0
Fighting       | |  3.6

Action                   |  1- 3 |  4- 6 || total
-------------------------+-------+-------++-------
Melee: Long sword        |    94 |    46 ||   140
  Use: Scroll            |     2 |     3 ||     5
       Potion            |       |     1 ||     1
Armor: Scale mail        |    41 |    21 ||    62
Dodge: Dodged            |    27 |    13 ||    40
Block: Kite shield       |    50 |    25 ||    75
       Rpst.: Long sword |    12 |     4 ||    16

Table legend: (Time is in decaauts)
 A = Elapsed time spent in this place.
 B = Non-inter-level travel time spent in this place.
 C = Inter-level travel time spent in this place.
 D = Time resting spent in this place.
 E = Time spent auto-exploring this place.
 F = Levels seen in this place.
 G = Mean time per level.
                   A        B        C        D        E       F      G
               +--------+--------+--------+--------+--------+-----+--------+
         Total |   2349 |   2160 |    189 |      0 |   1754 |   3 |  783.0 |
       Dungeon |   2349 |   2160 |    189 |      0 |   1754 |   3 |  783.0 |
               +--------+--------+--------+--------+--------+-----+--------+

Top non-repeatable levels by time:
     D:2: 1166 daAuts
     D:1: 1068 daAuts
     D:3: 114 daAuts
